 Dungeon Crawl Stone Soup version 0.32-a0-921-g04a7ad8e02 (webtiles) character file.

Game seed: 9981865346540039236

5462 senseless the Fighter (level 10, -8/94 HPs)
             Began as a Minotaur Berserker on Apr 11, 2024.
             Was a High Priest of Trog.
             Killed from afar by a gargoyle (25 damage)
             ... with a stone arrow
             ... on level 8 of the Dungeon.
             The game lasted 00:14:09 (7307 turns).

senseless the Fighter (Minotaur Berserker)          Turns: 7307, Time: 00:14:09

Health: -8/94      AC: 15    Str: 25    XL:     10   Next: 41%
Magic:  9/9        EV:  7    Int:  4    God:    Trog [*****.]
Gold:   304        SH:  8    Dex: 11    Spells: 9/9 levels left

rFire   . . .        r - +3 war axe (flame)
rCold   + . .        F - +0 kite shield
rNeg    . . .        d - +0 plate armour
rPois   .            (helmet restricted)
rElec   .            (no cloak)
rCorr   .            j - +2 pair of gloves
SInv    +            (no boots)
Will    ++...        B - amulet of faith Stlth
                     y - ring of see invisible
HPRegen 1.35/turn    D - ring of protection from cold
MPRegen 0.11/turn

%: faith
@: strong-willed, on berserk cooldown, regenerating, slowed, very slow
A: horns 2, retaliatory headbutt
a: Renounce Religion, Berserk, Trog's Hand, Brothers in Arms


You were on level 8 of the Dungeon.
You worshipped Trog.
Trog was extremely pleased with you.
You visited 1 branch of the dungeon, and saw 8 of its levels.
You also visited: Sewer.

You collected 304 gold pieces.

Inventory:

Hand Weapons
 r - a +3 war axe of flaming (weapon)
 u - a +4 dire flail of protection
Armour
 b - a +0 chain mail
 d - a +0 plate armour (worn)
 j - a +2 pair of gloves (worn)
 F - a +0 kite shield (worn)
Jewellery
 y - a ring of see invisible (left hand)
 B - an amulet of faith (around neck)
 D - a ring of protection from cold (right hand)
Wands
 s - a wand of mindburst (17)
 t - a wand of flame (85)
 x - a wand of paralysis (17)
Scrolls
 c - a scroll of immolation
 h - 4 scrolls of teleportation
 m - a scroll of butterflies
 o - 3 scrolls of blinking
Potions
 a - a potion of ambrosia {unknown}
 e - 2 potions of attraction
 i - 6 potions of curing
 k - 2 potions of mutation
 n - a potion of resistance {unknown}
 p - 2 potions of cancellation
 q - 2 potions of haste {unknown}
 v - a potion of lignification {unknown}
 w - 2 potions of heal wounds {unknown}
 z - 2 potions of might
 A - a potion of invisibility {unknown}
 E - a potion of brilliance {unknown}


   Skills:
 * Level 10.9 Fighting
 * Level 10.8 Axes
 * Level 5.3 Armour
 + Level 9.1 Dodging
 * Level 4.5 Shields


You had 9 spell levels left.
You didn't know any spells.
Your spell library was empty.

Dungeon Overview and Level Annotations

Branches:
Dungeon (8/15)             Temple (0/1) D:6           Sewer (visited)
   Lair: D:8-11

Altars:
Fedhas
Ru
The Shining One

Shops:
D:6 *


Innate Abilities, Weirdness & Mutations

You have a pair of horns on your head.
You reflexively headbutt those who attack you in melee.


Message History

You slash the centaur warrior! You burn the centaur warrior.
The centaur warrior is almost dead.
The centaur warrior hits you!
* * * LOW HITPOINT WARNING * * *
The centaur warrior closely misses you. You block the orc warrior's attack.
You slash the centaur warrior! You burn the centaur warrior.
You kill the centaur warrior!
Trog accepts your kill.
The orc warrior throws a boomerang.
The boomerang closely misses you.
Your Armour skill increases to level 5!
Your Shields skill increases to level 4!
Things that are here:
9 gold pieces; a +0 orcbow You hit the wight.
You burn the wight. You headbutt the wight.
You destroy the wight!
Trog accepts your kill.
A gargoyle comes into view. It is wielding a +0 mace.
The orc warrior hits you with a +0 trident.
* * * LOW HITPOINT WARNING * * *
You slice the orc warrior!! You burn the orc warrior.
You kill the orc warrior!
Trog accepts your kill.
Items here: ( ) [ †.
You feel a strong urge to attack something.
x - a wand of paralysis (17) (gained 9 charges)
You are no longer berserk.
You are exhausted.
You feel yourself slow down.
You start resting.
A gargoyle is nearby!
You hit the gargoyle. You burn the gargoyle.
The gargoyle is moderately damaged.
The gargoyle hurls a stone arrow at you.
You block the stone arrow. The gargoyle hits you with a +0 mace.
* * * LOW HITPOINT WARNING * * *
You slash the gargoyle! You burn the gargoyle.
The gargoyle is almost destroyed.
The gargoyle hurls a stone arrow at you.
The stone arrow hits you!!
You die...

#.# #.##.. #. #.. .. .....
#9 #.## #.# #.#).. #.#
#..## #.#.# #. #.. P..
#...# ##.##..##.##..
###'###.###....... #......
......))#..#....# ##...#..
#.###.##9##.#..####.#.....
##..)#@.#.#............
#.$#####.#.##.###......
#)#....#..#...........# #.
##.##...###.##...... ..
####............. ###
#.###+###..### #.# #.##
#.# #.# ..# #.#


You could see a gargoyle.

Vanquished Creatures
  A centaur warrior (D:8)
  Grinder (D:6)
  A slime creature (D:8)
  Eustachio (D:6)
  Sigmund (D:4)
  A steam dragon (D:7)
  Edmund (D:4)
  An acid dragon (D:6)
  5 water moccasins
  Duvessa (D:6)
  An orc warrior (D:8)
  A black bear (D:6)
  Pargi (Sewer)
  An ice beast (D:7)
  2 sky beasts
  4 ogres
  2 phantoms
  2 kobold brigands
  Blork the orc (D:4)
  3 gnoll sergeants
  A brain worm (Sewer)
  A bullfrog (D:7)
  A wight (D:8)
  6 killer bees (D:8)
  Dowan (D:6)
  5 howler monkeys
  A bombardier beetle (D:5)
  2 jellies
  4 hounds
  5 orc priests
  A sleepcap (D:3)
  Ijyb (D:3)
  An iguana (D:5)
  10 orc wizards
  Natasha (thrice) (D:4)
  8 gnolls
  11 adders
  2 river rats (D:3)
  A shadow imp (D:7)
  A white imp (D:8)
  2 ribbon worms
  11 dart slugs
  24 orcs
  8 ball pythons
  4 bats
  10 endoplasms
  3 giant cockroaches (D:1)
  5 goblins
  11 hobgoblins
  8 kobolds
  3 quokkas
  7 frilled lizards
  9 rats
203 creatures vanquished.

Notes
Turn   | Place    | Note
-------+----------+-------------------------------------------
     0 | D:1      | senseless the Minotaur Berserker began the quest for the
                  | Orb.
     0 | D:1      | Reached XP level 1. HP: 19/19 MP: 0/0
   287 | D:1      | Reached XP level 2. HP: 27/27 MP: 1/1
  1097 | D:2      | Reached XP level 3. HP: 33/33 MP: 2/2
  1152 | D:2      | Reached ** piety under Trog
  1764 | D:3      | Found a glowing drain.
  1789 | D:3      | Reached XP level 4. HP: 19/41 MP: 3/3
  1891 | Sewer    | Entered a sewer
  1988 | Sewer    | Noticed Pargi
  1988 | Sewer    | Noticed a brain worm
  1997 | Sewer    | Killed a brain worm
  1998 | Sewer    | Reached skill level 5 in Fighting
  1998 | Sewer    | Reached XP level 5. HP: 48/48 MP: 2/4
  2000 | Sewer    | Killed Pargi
  2001 | Sewer    | Reached skill level 5 in Axes
  2199 | D:3      | Noticed Ijyb
  2207 | D:3      | Killed Ijyb
  2208 | D:3      | Reached XP level 6. HP: 31/56 MP: 5/5
  2398 | D:3      | Found a faded altar of an unknown god.
  2765 | D:4      | Noticed Blork the orc
  2770 | D:4      | Killed Blork the orc
  2799 | D:4      | Noticed Sigmund
  2812 | D:3      | Reached skill level 5 in Dodging
  2812 | D:3      | Reached XP level 7. HP: 21/64 MP: 6/6
  2965 | D:4      | Killed Sigmund
  3012 | D:4      | Noticed Edmund
  3028 | D:4      | Killed Edmund
  3098 | D:4      | Reached *** piety under Trog
  3114 | D:4      | Reached XP level 8. HP: 44/73 MP: 7/7
  3365 | D:4      | Noticed Natasha
  3369 | D:4      | Killed Natasha
  3501 | D:4      | Noticed Natasha
  3504 | D:4      | Killed Natasha
  3533 | D:4      | Noticed Natasha
  3540 | D:4      | Killed Natasha
  3645 | D:5      | Entered Level 5 of the Dungeon
  4042 | D:5      | Found a glowing golden altar of the Shining One.
  4658 | D:6      | Found a staircase to the Ecumenical Temple.
  4667 | D:6      | Reached **** piety under Trog
  4802 | D:6      | Found Fetwox's Gadget Gallery.
  4812 | D:6      | Noticed Eustachio
  4825 | D:6      | Killed Eustachio
  5103 | D:6      | Noticed Duvessa
  5109 | D:6      | Noticed Dowan
  5112 | D:6      | Killed Duvessa
  5113 | D:6      | Reached XP level 9. HP: 76/83 MP: 8/8
  5117 | D:6      | Killed Dowan
  5281 | D:6      | Noticed Grinder
  5289 | D:6      | Killed Grinder
  5965 | D:7      | Found a sacrificial altar of Ru.
  6007 | D:7      | Reached skill level 10 in Fighting
  6007 | D:7      | Reached skill level 1 in Shields
  6195 | D:7      | Reached skill level 10 in Axes
  6202 | D:7      | Reached ***** piety under Trog
  7011 | D:8      | Found a blossoming altar of Fedhas.
  7017 | D:8      | Reached XP level 10. HP: 66/94 MP: 9/9
  7282 | D:8      | Noticed a centaur warrior
  7293 | D:8      | Killed a centaur warrior
  7294 | D:8      | Reached skill level 5 in Armour
  7296 | D:8      | Noticed a gargoyle
  7307 | D:8      | Killed from afar by a gargoyle

Illustrated notes

Levels and vault maps discovered:
D:1:      evilmike_arrival_hilbert_curve, layout_basic, minmay_tromino_v4_a
D:2:      layout_loops_ring, minmay_close_crescents
D:3:      layout_basic, ebering_ecumenical_altar_mist, portal_sewer_entry_c,
          kennysheep_generic_room_16, uniq_ijyb
D:4:      kennysheep_slugbush, layout_cave_pools,
          minmay_a_box_with_orc_wizards_in_it, uniq_edmund, uniq_blork_the_orc,
          uniq_sigmund, uniq_natasha
D:5:      layout_cave_pods, lemuel_doored_altar
D:6:      layout_basic, minmay_temple_entry_proselytizer, nicolae_shop_gadgets,
          uniq_eustachio, uniq_grinder, uniq_duvessa
D:7:      layout_cave_pods, nicolae_ru_sacrificial_ziggurat
D:8:      layout_rooms, lemuel_tele_altar, nicolae_wu_jian_immortal_techniques,
          mainiacjoe_overflow_alcove_2, fedhas_altar_1, minmay_shattered_shrine,
          uniq_jeremiah

Skill      XL: |  1  2  3  4  5  6  7  8  9 10 |
---------------+-------------------------------+-----
Fighting       | 4 5 6 7 9 10 | 10.9
Axes           | 4 5 6 7 8 10 | 10.8
Dodging        | 3 4 5 6 7 8 9 |  9.1
Armour         | 4 5 |  5.3
Shields        | 3 4 |  4.5

Action                     |  1- 3 |  4- 6 |  7- 9 | 10-12 || total
---------------------------+-------+-------+-------+-------++-------
  Melee: Hand axe          |    76 |    31 |       |       ||   107
         Headbutt          |     8 |    11 |    34 |     6 ||    59
         War axe           |       |    41 |   218 |    49 ||   308
 Invoke: Berserk           |       |     3 |     3 |     1 ||     7
         Trog's Hand       |       |       |       |     1 ||     1
    Use: Scroll            |       |       |    15 |       ||    15
         Potion            |       |       |     1 |       ||     1
 Armour: Animal skin       |    14 |       |       |       ||    14
         Scale mail        |    21 |       |       |       ||    21
         Chain mail        |    27 |    74 |   186 |    19 ||   306
         Plate armour      |       |       |       |    29 ||    29
  Dodge: Dodged            |    29 |    39 |   102 |    18 ||   188
  Block: Kite shield       |       |       |    22 |    26 ||    48

Table legend: (Time is in decaauts)
 A = Elapsed time spent in this place.
 B = Non-inter-level travel time spent in this place.
 C = Inter-level travel time spent in this place.
 D = Time resting spent in this place.
 E = Time spent auto-exploring this place.
 F = Levels seen in this place.
 G = Mean time per level.
                   A        B        C        D        E       F      G
               +--------+--------+--------+--------+--------+-----+--------+
         Total |   7455 |   7164 |    291 |    788 |   5191 |   9 |  828.3 |
       Dungeon |   7218 |   6927 |    291 |    778 |   5053 |   8 |  902.2 |
         Sewer |    236 |    236 |      0 |     10 |    138 |   1 |  236.0 |
               +--------+--------+--------+--------+--------+-----+--------+

Top non-repeatable levels by time:
     D:6: 1374 daAuts
     D:7: 1100 daAuts
     D:3: 992 daAuts
     D:5: 917 daAuts
     D:1: 907 daAuts
     D:2: 843 daAuts
     D:4: 783 daAuts
     D:8: 300 daAuts
   Sewer: 236 daAuts
